 Dungeon Crawl Stone Soup version 0.17.0-28-g6e173f8 (webtiles) character file.

59 matakusis the Ducker (level 3, 0/27 HPs)
             Began as a Demonspawn Gladiator on Dec 1, 2015.
             Killed from afar by an orc wizard (4 damage)
             ... with a magic dart
             ... on level 3 of the Dungeon.
             The game lasted 00:07:59 (1997 turns).

matakusis the Ducker (Demonspawn Gladiator)         Turns: 1997, Time: 00:08:00

Health: 0/27       AC:  6    Str: 15    XL:     3   Next: 78%
Magic:  3/3        EV: 13    Int:  9    God:
Gold:   58         SH:  2    Dex: 14    Spells: 0 memorised, 2 levels left

rFire  . . .     SeeInvis .     a - +1 war axe
rCold  . . .     Clarity  .     b - +1 leather armour
rNeg   . . .     SustAt   .     (no shield)
rPois  .         Gourm    .     (helmet restricted)
rElec  .         Spirit   .     (no cloak)
rCorr  .         Warding  .     (no gloves)
rMut   .         Stasis   .     (no boots)
MR     .....                    (no amulet)
Stlth  +.........               (no ring)
                                (no ring)

@: hasted, very quick, not resistant to hostile enchantments, very unstealthy
A: horns 1, large bone plates 1
a: no special abilities


You were on level 3 of the Dungeon.
You were hungry.

You visited 1 branch of the dungeon, and saw 3 of its levels.

You collected 58 gold pieces.

Inventory:

Hand Weapons
 a - a +1 war axe (weapon)
Missiles
 d - 3 throwing nets (quivered)
Armour
 b - a +1 leather armour (worn)
Jewellery
 c - an uncursed amulet of faith {unknown}
 l - an uncursed amulet of resist mutation
Scrolls
 g - a scroll of remove curse
 p - a scroll of enchant weapon
Potions
 f - a potion of might
 k - a potion of haste
Comestibles
 e - 2 bread rations
 h - a chunk of flesh
 j - a beef jerky


   Skills:
 + Level 2.1 Fighting
 + Level 3.1 Axes
 + Level 1.8 Throwing
 + Level 0.5 Armour
 * Level 3.8 Dodging


You had 2 spell levels left.
You didn't know any spells.

Dungeon Overview and Level Annotations

Branches:
Dungeon (3/15)

Altars:
Elyvilon
Gozag

Annotations:
D:3 homeworkjunkie's ghost, amateur SpAs


Innate Abilities, Weirdness & Mutations

You have a pair of small horns on your head.
You are partially covered in large bone plates (AC +2, SH +2).


Message History

Something hits you.
Homeworkjunkie's ghost whispers, "The ORB doesn't exist."
Homeworkjunkie's ghost hits you.
* * * LOW HITPOINT WARNING * * *
Something hits you but does no damage. Homeworkjunkie's ghost hits you.
* * * LOW HITPOINT WARNING * * *
Some of the chunks of flesh in your inventory have rotted away.
Something hits you but does no damage.
Things that are here:
a flail of protection; an orc corpse; a kobold corpse Drink which item? (? for menu, Esc to quit)
You feel yourself speed up.
You hear some strange, mumbled words.
A puff of flame appears from out of thin air!
The puff of flame misses you.
You block homeworkjunkie's ghost's attack.
You hear some strange, mumbled words.
A magic dart appears from out of thin air!
The magic dart hits you!
You die...

..##.######.#*** *,*,,,****
..#### #.* *,,,,,,,,, #.#
#.######## *,*,,,****
#.####*####.#......#####,,,,,****
......,................#,**,,,,,,
...###,...#............,<**,,****
....................#*,####,,,,,,
...###..........{...##.....,,****
...# *..(....†.W@..........,,,,,,
...##*........#####.######*,*****
....#.........## #.# *******
..≈PP≈........W####(# *,,,
..P≈≈≈≈....?.?{K)(((# *,,,
.≈≈♣♣♣≈≈≈P##..o###### *,,, PP♣♣
*♣≈P......# **** P≈≈♣ *♣≈P......#
.P≈♣ *≈≈......##


You could see homeworkjunkie's ghost.

Vanquished Creatures
  2 oozes (D:2)
  2 worms (D:2)
  2 giant geckos (D:2)
  3 orcs (D:3)
  A ball python (D:3)
  4 giant cockroaches
  4 hobgoblins
  8 kobolds
  4 bats
  3 giant newts
  4 goblins
  3 rats
40 creatures vanquished.

Notes
Turn   | Place    | Note
--------------------------------------------------------------
     0 | D:1      | matakusis the Demonspawn Gladiator began the quest for the Orb.
     0 | D:1      | Reached XP level 1. HP: 16/16 MP: 1/1
   466 | D:1      | Reached skill level 3 in Dodging
   587 | D:1      | Gained mutation: You are partially covered in large bone plates (AC +2, SH +2). [demonic ancestry]
   587 | D:1      | Reached XP level 2. HP: 19/22 MP: 2/2
  1072 | D:2      | Found a white marble altar of Elyvilon.
  1072 | D:2      | Found an opulent altar of Gozag.
  1176 | D:2      | Gained mutation: You have a pair of small horns on your head. [demonic ancestry]
  1176 | D:2      | Reached XP level 3. HP: 27/27 MP: 3/3
  1974 | D:3      | Noticed homeworkjunkie's ghost (amateur SpAs)
  1997 | D:3      | Killed from afar by an orc wizard

Action                   || total
-------------------------++-------
Melee: War axe           ||   127
  Use: Scroll            ||     8
       Potion            ||     2
  Eat: Chunk             ||     3
